 Dungeon Crawl Stone Soup version 0.29-a0-121-g8efb068a30 (webtiles) character file.

Game seed: 16481317015844695676

3219 frimble the Frost Mage (level 9, -2/66 HPs)
             Began as a Gnoll Ice Elementalist on Feb 20, 2022.
             Was a Believer of Cheibriados.
             Slain by an orc warrior (9 damage)
             ... in a bailey.
             The game lasted 00:12:05 (9600 turns).

frimble the Frost Mage (Gnoll Ice Elementalist)     Turns: 9600, Time: 00:12:06

Health: -2/66      AC: 12    Str: 20    XL:     9   Next: 97%
Magic:  14/19      EV: 15    Int: 22    God:    Cheibriados [**....]
Gold:   412        SH:  0    Dex: 18    Spells: 12/22 levels left

rFire   . . .      SeeInvis .   n - +6 battleaxe (vorpal)
rCold   . . .      Faith    .   (shield currently unavailable)
rNeg    . . .      Spirit   .   w - +0 troll leather armour
rPois   .          Reflect  .   (no helmet)
rElec   .          Harm     .   (no cloak)
rCorr   .          Rampage  .   t - +0 pair of gloves
Will    .....                   (no boots)
Stlth   +++.......              (no amulet)
HPRegen 1.01/turn               l - +6 ring of strength
MPRegen 0.16/turn               (no ring)

@: lethally poisoned (-2 -> -3), ice-armoured, very slow
A: fangs 1, strong nose, distributed training
a: Renounce Religion, Bend Time


You were in a bailey.
You worshipped Cheibriados.
Cheibriados was pleased with you.
You visited 2 branches of the dungeon, and saw 8 of its levels.
You also visited: Bailey.

You collected 412 gold pieces.

Inventory:

Hand Weapons
 e - a +1 dagger
 h - a +3 dagger
 n - a +6 vorpal battleaxe (weapon)
Missiles
 b - 14 poisoned darts (quivered)
 y - a throwing net
Armour
 t - a +0 pair of gloves (worn)
 w - a +0 troll leather armour (worn)
Jewellery
 a - the amulet "Paaplisku" {Reflect Fly rF+ MP-9 SH+5}
   (You found it on level 5 of the Dungeon)

   [amulet of reflection]

   It reflects blocked missile attacks.
   rF:        It protects you from fire.
   MP:        It affects your magic capacity (-9).
   Fly:       It grants you flight.
   SH:        It affects your SH (+5).
 l - a +6 ring of strength (left hand)
Wands
 g - a wand of polymorph (14)
 q - a wand of digging (6)
 u - a wand of iceblast (9)
Scrolls
 c - a scroll of teleportation
 p - a scroll of brand weapon
Potions
 d - a potion of resistance
 f - 3 potions of flight
 i - a potion of cancellation
 j - 4 potions of heal wounds
 k - a potion of degeneration
 m - 5 potions of curing {unknown}
 o - a potion of magic {unknown}
 r - a potion of might


   Skills:
 + Level 4.7 Fighting
 + Level 4.7 Short Blades
 + Level 4.7 Long Blades
 + Level 4.7 Axes
 + Level 4.7 Maces & Flails
 + Level 4.7 Polearms
 + Level 4.7 Staves
 + Level 4.7 Slings
 + Level 4.7 Bows
 + Level 4.7 Crossbows
 + Level 4.7 Throwing
 + Level 4.7 Armour
 + Level 6.7 Dodging
 + Level 6.4 Stealth
 + Level 4.7 Shields
 + Level 4.7 Unarmed Combat
 + Level 7.0 Spellcasting
 + Level 3.9 Conjurations
 + Level 3.9 Hexes
 + Level 3.9 Summonings
 + Level 3.9 Necromancy
 + Level 3.9 Translocations
 + Level 3.9 Transmutations
 + Level 3.9 Fire Magic
 + Level 8.2 Ice Magic
 + Level 3.9 Air Magic
 + Level 3.9 Earth Magic
 + Level 3.9 Poison Magic
 + Level 5.2 Invocations
 + Level 4.7 Evocations


You had 12 spell levels left.
You knew the following spells:

 Your Spells              Type           Power      Damage    Failure   Level
a - Hailstorm             Conj/Ice       34%        3d9       8%          4
b - Frozen Ramparts       Ice            86%        1d10      1%          3
c - Ozocubu's Armour      Ice            43%        N/A       1%          3

Your spell library contained the following spells:

 Spells                   Type           Power      Damage    Failure   Level
 Freeze                   Ice            100%       1d11      1%          1
 Corpse Rot               Necr/Air       50%        N/A       2%          2
 Dispel Undead            Necr           25%        3d12      19%         4
 Death Channel            Necr           12%        N/A       96%         6


Dungeon Overview and Level Annotations

Branches:
Dungeon (7/15)             Temple (1/1) D:4          Bailey (1/1)

Altars:
Ashenzari
Cheibriados
Dithmenos
Elyvilon
Gozag
Makhleb
Nemelex Xobeh
Ru
Sif Muna
Trog
Uskayaw
Vehumet
Wu Jian
Yredelemnul
Zin
Beogh

Annotations:
D:3 3 runed translucent doors, lordive's ghost, amateur GnMo


Innate Abilities, Weirdness & Mutations

You have very sharp teeth.
Your uncanny sense of smell can sniff out nearby items.
Your experience applies equally to all skills.


Message History

A film of ice covers your body! The water moccasin closely misses you.
The orc warrior closely misses you. The water moccasin barely misses you.
You closely miss the orc warrior.
The orc warrior is lightly wounded.
You hit the water moccasin. The water moccasin barely misses you.
The orc warrior splashes around in the water.
The water moccasin barely misses you.
The orc warrior hits you with a +0 spear!
You slash the orc warrior!
The orc warrior is severely wounded.
You miss the water moccasin. The water moccasin bites you.
The orc warrior hits you but does no damage.
The orc warrior closely misses you.
The water moccasin bites you but does no damage.
You closely miss the orc warrior. Your bite misses the orc warrior.
The orc warrior is severely wounded.
You slash the water moccasin! The water moccasin closely misses you.
The orc warrior closely misses you.
The orc warrior splashes around in the water.
The water moccasin closely misses you.
The orc warrior hits you from afar with a +0 spear.
The orc warrior misses you.
You closely miss the orc warrior.
The orc warrior is severely wounded.
You barely miss the water moccasin. The water moccasin misses you.
The orc warrior hits you from afar with a +0 spear.
The orc warrior hits you with a +0 spear.
* * * LOW HITPOINT WARNING * * *
The water moccasin bites you.
* * * LOW HITPOINT WARNING * * *
You are poisoned.
The water moccasin poisons you!
You slash the orc warrior!
You kill the orc warrior!
Cheibriados thoroughly appreciates the change of pace.
You hear a splash. x2
You miss the water moccasin.
You feel sick. The water moccasin bites you!
* * * LOW HITPOINT WARNING * * *
The orc warrior hits you from afar with a +0 spear!
You die...

...≈≈≈)≈≈≈.....≈(≈≈#
...≈≈≈?≈≈≈.....≈.≈≈#
...≈≈≈)≈≈≈.....≈.≈≈#
...≈≈≈≈≈≈≈.....≈.≈≈#
...≈≈≈≈)≈≈....≈≈.≈≈#
....≈≈≈)≈.....≈.≈≈≈#
.⌠..≈≈≈≈≈..⌠.≈≈.≈≈≈#
....(≈)S)....≈.≈≈≈≈#
≈≈...(.@...≈≈≈)≈≈≈≈#
.≈≈≈..().≈≈≈..≈≈≈≈≈#
≈..≈≈≈o≈≈≈(.≈≈≈≈≈≈≈#
≈≈≈(..w...≈≈≈≈≈≈≈≈##
≈≈≈≈≈≈≈≈≈≈≈≈≈≈≈≈≈##
≈≈≈≈≈≈≈≈≈≈≈≈≈≈≈≈##
#################


You could see an orc warrior (poisoned), a water moccasin and a worm.

Vanquished Creatures
  A troll (D:5)
  Edmund (D:6)
  7 orc warriors (Bailey)
  A necrophage (D:6)
  A boggart (Bailey)
  2 centaurs (Bailey)
  A phantom (D:4)
  A wyvern zombie (D:6)
  A kobold brigand (D:6)
  2 scorpions
  2 gnoll sergeants
  A water moccasin zombie (D:6)
  A wyvern skeleton (D:7)
  A water moccasin skeleton (D:5)
  5 wights (D:7)
  3 howler monkeys
  4 hounds
  3 orc priests
  2 bullfrog skeletons
  2 gnoll shamans (D:3)
  A jelly (D:5)
  5 iguanas
  4 orc wizards
  A killer bee zombie (D:7)
  A hound skeleton (D:5)
  18 gnolls
  9 adders
  A howler monkey skeleton (D:3)
  2 worms
  2 dart slugs
  62 orcs
  3 bats
  5 endoplasms
  3 giant cockroaches
  9 goblins
  5 hobgoblins
  15 jackals
  7 kobolds
  3 quokkas
  7 ball pythons
  2 frilled lizards (D:1)
  3 rats
210 creatures vanquished.

Notes
Turn   | Place    | Note
-------+----------+-------------------------------------------
     0 | D:1      | frimble the Gnoll Ice Elementalist began the quest for the
                  | Orb.
     0 | D:1      | Reached XP level 1. HP: 13/13 MP: 6/6
   492 | D:1      | Reached XP level 2. HP: 11/19 MP: 4/7
  1753 | D:2      | Reached XP level 3. HP: 22/25 MP: 9/9
  1836 | D:2      | Reached skill level 5 in Spellcasting
  2178 | D:2      | Learned a level 3 spell: Frozen Ramparts
  2182 | D:2      | Learned a level 3 spell: Ozocubu's Armour
  2443 | D:2      | Reached skill level 1 in Invocations
  2972 | D:3      | Reached skill level 1 in Fighting
  2972 | D:3      | Reached skill level 1 in Short Blades
  2972 | D:3      | Reached skill level 1 in Long Blades
  2972 | D:3      | Reached skill level 1 in Axes
  2972 | D:3      | Reached skill level 1 in Maces & Flails
  2972 | D:3      | Reached skill level 1 in Polearms
  2972 | D:3      | Reached skill level 1 in Staves
  2972 | D:3      | Reached skill level 1 in Slings
  2972 | D:3      | Reached skill level 1 in Bows
  2972 | D:3      | Reached skill level 1 in Crossbows
  2972 | D:3      | Reached skill level 1 in Throwing
  2972 | D:3      | Reached skill level 1 in Armour
  2972 | D:3      | Reached skill level 1 in Shields
  2972 | D:3      | Reached skill level 1 in Unarmed Combat
  2972 | D:3      | Reached skill level 1 in Evocations
  3019 | D:3      | Found a faded altar of an unknown god.
  3065 | D:3      | Reached XP level 4. HP: 30/32 MP: 11/11
  3184 | D:3      | Reached skill level 1 in Conjurations
  3184 | D:3      | Reached skill level 1 in Hexes
  3184 | D:3      | Reached skill level 1 in Summonings
  3184 | D:3      | Reached skill level 1 in Necromancy
  3184 | D:3      | Reached skill level 1 in Translocations
  3184 | D:3      | Reached skill level 1 in Transmutations
  3184 | D:3      | Reached skill level 1 in Fire Magic
  3184 | D:3      | Reached skill level 1 in Air Magic
  3184 | D:3      | Reached skill level 1 in Earth Magic
  3184 | D:3      | Reached skill level 1 in Poison Magic
  3342 | D:3      | Reached XP level 5. HP: 8/37 MP: 5/12
  3663 | D:4      | Found a staircase to the Ecumenical Temple.
  3762 | D:4      | Reached XP level 6. HP: 44/44 MP: 13/13
  4174 | D:4      | Reached skill level 5 in Dodging
  4746 | D:4      | Identified a scroll of acquirement
  4746 | D:4      | Acquired a +4 vorpal battleaxe
  4944 | D:3      | Found a runed translucent gate.
  4945 | D:3      | Found a runed translucent gate.
  4945 | D:3      | Identified the +6 hand axe of Roklaul {vorpal, rF+++ rC-
                  | rCorr SInv}
  4946 | D:3      | Found a runed translucent gate.
  4946 | D:3      | Noticed lordive's ghost (amateur GnMo)
  5056 | D:3      | Reached XP level 7. HP: 45/50 MP: 15/15
  5641 | D:3      | Reached skill level 5 in Stealth
  6075 | Temple   | Entered the Ecumenical Temple
  6222 | D:5      | Entered Level 5 of the Dungeon
  6292 | D:4      | Reached XP level 8. HP: 38/57 MP: 9/16
  7226 | D:5      | Noticed a troll
  7238 | D:5      | Killed a troll
  7446 | D:5      | Identified the amulet "Paaplisku" {Reflect Fly rF+ MP-9
                  | SH+5}
  8200 | D:6      | Found a snail-covered altar of Cheibriados.
  8321 | D:6      | Reached XP level 9. HP: 56/65 MP: 18/18
  8338 | D:6      | Became a worshipper of Cheibriados the Contemplative
  8438 | D:6      | Noticed Edmund
  8446 | D:6      | Killed Edmund
  8821 | D:7      | Found a radiant altar of Vehumet.
  8846 | D:7      | Reached * piety under Cheibriados
  8848 | D:7      | Reached skill level 8 in Ice Magic
  8912 | D:7      | Found a flagged portal.
  8924 | Bailey   | Entered a bailey
  8930 | Bailey   | Learned a level 4 spell: Hailstorm
  9243 | Bailey   | Reached ** piety under Cheibriados
  9449 | Bailey   | Reached skill level 5 in Invocations
  9600 | Bailey   | Slain by an orc warrior

Illustrated notes

Levels and vault maps discovered:
D:1:      minmay_arrival_radiant_lines, layout_loops_ring
D:2:      layout_basic
D:3:      lemuel_castle_with_subvaults [lemuel_castle_interior_carwin_3],
          layout_rooms, chequers_ecumenical_altar_simple_redux,
          biasface_ghost_orc_armoury
D:4:      layout_loops_ring, minmay_temple_entry_mini_moons,
          minmay_increasing_density
D:5:      layout_layer_cave
D:6:      layout_loops_ring, slow_altar_1, uniq_edmund
D:7:      layout_rooms, grunt_temple_overflow_forces_of_nature,
          mainiacjoe_overflow_alcove_4, fiery_altar_vehumet, enter_bailey_3
Temple:   dshaligram_water_room_temple
Bailey:   bailey_polearm_flooded_kennysheep, bailey

Skill      XL: |  1  2  3  4  5  6  7  8  9 |
---------------+----------------------------+-----
Spellcasting   | 5 6 7 |  7.0
Invocations    | 1 2 3 4 5 |  5.2
Fighting       | 1 2 3 4 |  4.7
Short Blades   | 1 2 3 4 |  4.7
Long Blades    | 1 2 3 4 |  4.7
Axes           | 1 2 3 4 |  4.7
Maces & Flails | 1 2 3 4 |  4.7
Polearms       | 1 2 3 4 |  4.7
Staves         | 1 2 3 4 |  4.7
Slings         | 1 2 3 4 |  4.7
Bows           | 1 2 3 4 |  4.7
Crossbows      | 1 2 3 4 |  4.7
Throwing       | 1 2 3 4 |  4.7
Armour         | 1 2 3 4 |  4.7
Shields        | 1 2 3 4 |  4.7
Unarmed Combat | 1 2 3 4 |  4.7
Evocations     | 1 2 3 4 |  4.7
Conjurations   | 1 2 3 |  3.9
Hexes          | 1 2 3 |  3.9
Summonings     | 1 2 3 |  3.9
Necromancy     | 1 2 3 |  3.9
Translocations | 1 2 3 |  3.9
Transmutations | 1 2 3 |  3.9
Fire Magic     | 1 2 3 |  3.9
Air Magic      | 1 2 3 |  3.9
Earth Magic    | 1 2 3 |  3.9
Poison Magic   | 1 2 3 |  3.9
Dodging        | 5 6 |  6.7
Stealth        | 5 6 |  6.4
Ice Magic      | 8 |  8.2

Action                   |  1- 3 |  4- 6 |  7- 9 || total
-------------------------+-------+-------+-------++-------
Melee: Unarmed           |    32 |       |       ||    32
       Bite              |     8 |     7 |    18 ||    33
       Punch             |     3 |       |       ||     3
       Dagger            |    49 |    41 |       ||    90
       Battleaxe         |       |    17 |   225 ||   242
Throw: Dart              |       |       |    29 ||    29
 Cast: Freeze            |    24 |    10 |       ||    34
       Frozen Ramparts   |       |     5 |    20 ||    25
       Ozocubu's Armour  |       |     4 |    16 ||    20
       Hailstorm         |       |       |     5 ||     5
Evoke: Wand              |       |       |     8 ||     8
  Use: Scroll            |     3 |     5 |    14 ||    22
       Potion            |       |       |     1 ||     1
 Stab: Sleeping          |    11 |    10 |     8 ||    29
       Distracted        |       |     1 |       ||     1
Armor: Robe              |    24 |    15 |    36 ||    75
       Troll leather arm |       |       |    53 ||    53
Dodge: Dodged            |    60 |    45 |   333 ||   438

Table legend: (Time is in decaauts)
 A = Elapsed time spent in this place.
 B = Non-inter-level travel time spent in this place.
 C = Inter-level travel time spent in this place.
 D = Time resting spent in this place.
 E = Time spent auto-exploring this place.
 F = Levels seen in this place.
 G = Mean time per level.
                   A        B        C        D        E       F      G
               +--------+--------+--------+--------+--------+-----+--------+
         Total |   9975 |   9574 |    401 |     35 |   7834 |   9 | 1108.3 |
       Dungeon |   9058 |   8680 |    378 |     35 |   7349 |   7 | 1294.0 |
        Temple |    132 |    109 |     23 |      0 |    100 |   1 |  132.0 |
        Bailey |    784 |    784 |      0 |      0 |    385 |   1 |  784.0 |
               +--------+--------+--------+--------+--------+-----+--------+

Top non-repeatable levels by time:
     D:3: 1869 daAuts
     D:4: 1844 daAuts
     D:1: 1586 daAuts
     D:5: 1369 daAuts
     D:2: 1367 daAuts
     D:6: 876 daAuts
  Bailey: 784 daAuts
     D:7: 145 daAuts
  Temple: 132 daAuts
